[Event "Torneo Interdepartamental 2020"]
[Site "Punta del Este"]
[Date "2020.10.31"]
[Round "1.8"]
[White "Nakle, Gonzalo"]
[Black "Zecharies, Alexis"]
[Result "0-1"]
[ECO "D10"]
[WhiteElo "1655"]
[BlackElo "1823"]
[Annotator "NA RC"]
[PlyCount "56"]
[EventDate "2020.10.31"]
[EventType "team-tourn"]
[EventCountry "URU"]
[SourceTitle "playchess.com"]
[Source "ChessBase"]
[SourceQuality "1"]
[TimeControl "3600+30"]

1. d4 d5 2. c4 c6 3. Nc3 Nf6 4. cxd5 cxd5 5. Bf4 Nc6 6. g3 {[%emt 0:01:03] D10: Slav Defence: 3 cxd5 (without early Nf3) and 3 Nc3.} (6. e3 $11) 6... Qb6 {[%emt 0:01:43] [#]} 7. Nf3 $146 ({Predecessor:} 7. Qd2 e6 8. Nf3 Ne4 9. Qc2 Nxd4 10. Nxd4 Qxd4 11. e3 Qb4 12. a3 Qa5 13. Rc1 Nxc3 14. Qxc3 Qxc3+ 15. Rxc3 {0-1 (34) Conde Chamizo,P (1791)-Sempere Domenech,A (1932) Salobrena 2020}) 7... Qxb2 8. Rc1 e6 9. Qc2 Qxc2 10. Rxc2 Bb4 11. Kd1 a6 (11... Bxc3 $142 12. Rxc3 Ne4 {[%mdl 64] Double Attack} 13. Rxc6 bxc6) 12. Na4 Ba5 (12... Ne4 $19 13. Be3 Bd7) 13. e3 (13. Bd2 $17 Bd8 14. e3) 13... O-O (13... Ne4 $19 {and Black stays clearly on top.} 14. h3 f6) 14. Nc5 Nb4 15. Rb2 b6 16. Nb3 Bd7 17. Bd6 (17. Nxa5 $17 bxa5 18. Ne1) 17... Rfc8 18. Nxa5 bxa5 19. Bxb4 Ba4+ 20. Ke1 (20. Ke2 $142 axb4 21. Nd2) 20... axb4 21. Rxb4 $2 (21. Ke2 Rc1 22. Bg2 Bb5+ 23. Kd2 Rxh1 24. Bxh1) 21... Rc1+ 22. Kd2 Rc2+ 23. Ke1 Rxa2 24. Nd2 $2 (24. Rb1) 24... Rc8 25. Bd3 Rc1+ 26. Ke2 Rxh1 27. Bb1 Rxb1 $19 28. Rxb1 Bb5+ 0-1

[Event "Torneo Interdepartamental 2020"]
[Site "Punta del Este"]
[Date "2020.10.31"]
[Round "1.9"]
[White "Pinero, Ismael"]
[Black "Alzugaray, Ernesto"]
[Result "1/2-1/2"]
[ECO "C11"]
[WhiteElo "1882"]
[BlackElo "1620"]
[Annotator "NA RC"]
[PlyCount "98"]
[EventDate "2020.10.31"]
[EventType "team-tourn"]
[EventCountry "URU"]
[SourceTitle "playchess.com"]
[Source "ChessBase"]
[SourceQuality "1"]
[TimeControl "3600+30"]

1. e4 e6 2. d4 d5 3. Nc3 Nf6 4. e5 Nfd7 5. f4 c5 6. Nf3 Qb6 7. Na4 {[%emt 0:03:42] C11: French: Classical System: 4 e5 and 4 Bg5 dxe4.} Qa5+ 8. c3 Nc6 9. dxc5 Nxc5 10. Nxc5 Qxc5 11. Nd4 {[%emt 0:02:17] [#]} Nxd4 $146 ({Predecessor:} 11... Be7 12. Nb3 Qb6 13. Qf3 f6 14. Be3 Qc7 15. exf6 Bxf6 16. O-O-O O-O 17. g3 a6 {1-0 (60) Bradler,S (1757)-Hulm,S (1494) Helmstedt 2005}) 12. Qxd4 Qxd4 13. cxd4 Bb4+ 14. Bd2 Bxd2+ 15. Kxd2 Bd7 16. Rc1 Rc8 17. Rxc8+ Bxc8 18. Bd3 Bd7 19. Rc1 Kd8 20. g4 h5 21. g5 g6 22. h4 Re8 23. Rc5 Re7 24. Kc2 Be8 25. Kb3 Rc7 26. Kb4 b6 27. Rc3 Kc8 28. Ba6+ Kb8 29. a4 Rxc3 30. bxc3 Kc7 31. a5 Bc6 32. c4 dxc4 33. Bxc4 Kb7 34. f5 gxf5 35. g6 fxg6 36. Bxe6 Be8 37. d5 Kc7 38. d6+ Kd8 39. axb6 axb6 40. Bc4 $2 (40. Bd5 Bd7 41. Kc4) 40... Bc6 {[%emt 0:00:56] [#]} 41. e6 $1 f4 42. Bb5 $19 (42. Bd3 $18 {avoids the disaster.} f3 43. Bxg6) 42... Bxb5 43. Kxb5 f3 44. Kc6 f2 45. e7+ Ke8 46. Kc7 f1=Q 47. d7+ Kxe7 48. d8=Q+ Ke6 49. Qd6+ Kf7 1/2-1/2

[Event "Torneo Interdepartamental 2020"]
[Site "Punta del Este"]
[Date "2020.10.31"]
[Round "1.10"]
[White "Barla, Rafael"]
[Black "Vaz Lacuesta, Leonardo"]
[Result "1-0"]
[ECO "D02"]
[WhiteElo "1836"]
[BlackElo "2085"]
[Annotator "RC"]
[PlyCount "55"]
[EventDate "2020.10.31"]
[EventType "team-tourn"]
[EventCountry "URU"]
[SourceTitle "playchess.com"]
[Source "ChessBase"]
[SourceQuality "1"]
[TimeControl "3600+30"]

1. d4 d5 2. Nf3 e6 3. Bf4 Nf6 4. e3 c5 5. c3 Nc6 6. Bd3 Bd6 7. Bg3 Bxg3 8. hxg3 c4 9. Bc2 Qc7 10. Nbd2 e5 11. dxe5 Nxe5 12. Nxe5 Qxe5 13. Nf3 Qc7 14. Ba4+ Bd7 15. Bxd7+ Qxd7 16. Qd4 a6 17. Rd1 O-O-O 18. Qa7 Rhe8 19. Rh4 Qb5 20. b3 Re4 21. Nd4 Qa5 22. b4 Qc7 23. b5 axb5 24. Rxe4 Nxe4 25. Nxb5 Qc6 26. Qa5 Qc5 27. Na7+ Kb8 28. Qxd8+ 1-0

[Event "Torneo Interdepartamental 2020"]
[Site "Punta del Este"]
[Date "2020.10.31"]
[Round "1.11"]
[White "Pinero, Ismael"]
[Black "Alzugaray, Ernesto"]
[Result "*"]
[ECO "B06"]
[WhiteElo "1882"]
[BlackElo "1620"]
[Annotator "NA RC"]
[PlyCount "115"]
[EventDate "2020.10.31"]
[EventType "team-tourn"]
[EventCountry "URU"]
[SourceTitle "playchess.com"]
[Source "ChessBase"]
[SourceQuality "1"]
[TimeControl "3600+30"]

1. e4 g6 2. d4 Bg7 3. Nc3 e6 4. Be3 d5 5. Qd2 Nc6 6. Bb5 {[%emt 0:00:11] [#] B06: Modern Defence.} a6 $146 ({Predecessor:} 6... dxe4 7. O-O-O Nf6 8. f3 exf3 9. Nxf3 O-O 10. Bxc6 bxc6 11. Bh6 Rb8 12. Rhe1 Qd6 13. Bxg7 Kxg7 {1-0 (40) Lyell,M (2239)-Vegh,E (2271) Budapest 2016}) 7. Bxc6+ bxc6 8. Nf3 Nf6 9. e5 Ne4 10. Nxe4 dxe4 11. Ng5 Qd5 12. O-O h6 13. Nh3 O-O 14. Bxh6 c5 15. c3 Bb7 16. Bxg7 e3 17. fxe3 Kxg7 18. Qf2 f5 19. Qg3 Rh8 20. Nf4 Qc6 21. Qxg6+ Kf8 22. Nxe6+ Ke7 23. Qf6+ Ke8 24. Ng7+ Kd7 25. Qxf5+ Kd8 26. Ne6+ {[%emt 0:01:35] Double Attack} Kc8 27. Nxc5+ Kb8 28. Nxb7 Kxb7 29. Qf3 Rhf8 30. Qxc6+ Kxc6 31. Rxf8 Rxf8 32. Rf1 Rb8 33. b3 Kd5 34. Rf4 a5 35. e4+ Ke6 36. g4 Rh8 37. Kg2 c6 38. Kg3 Rd8 39. g5 c5 40. Rf6+ Ke7 41. d5 Rc8 42. c4 Rg8 43. Kg4 Rh8 44. h4 Ra8 45. g6 a4 46. g7 Rg8 47. Rg6 Kf7 48. h5 a3 49. Kg5 Rxg7 50. Rxg7+ Kxg7 51. e6 Kf8 52. d6 Ke8 53. h6 Kd8 54. h7 Kc8 55. h8=Q+ Kb7 56. Qd8 Ka6 57. Qb8 Ka5 58. Qb5# *

[Event "Torneo Interdepartamental 2020"]
[Site "Punta del Este"]
[Date "2020.10.31"]
[Round "1.12"]
[White "Agrasot, Antonio"]
[Black "Barboza, Mauro"]
[Result "0-1"]
[ECO "C45"]
[WhiteElo "1560"]
[BlackElo "1874"]
[Annotator "NA RC"]
[PlyCount "151"]
[EventDate "2020.10.31"]
[EventType "team-tourn"]
[EventCountry "URU"]
[SourceTitle "playchess.com"]
[Source "ChessBase"]
[SourceQuality "1"]
[TimeControl "3600+30"]

1. e4 e5 2. Nf3 Nc6 3. d4 exd4 4. Nxd4 Bc5 5. Nxc6 bxc6 6. Bd3 d6 {[%emt 0:00:32] 6...d6 was played by the boomers.} 7. O-O Nf6 8. Be3 {[%emt 0:01:52] C45: Scotch Game.} Bxe3 9. fxe3 {[%emt 0:00:09] [#]} Rb8 $146 ({Predecessor:} 9... Qe7 10. Nc3 Qe5 11. Qf3 Rb8 12. Rab1 O-O 13. Qf4 Re8 14. Qxe5 Rxe5 15. h3 Bd7 {0-1 (62) Murzynski,R (1637)-Ludewig,R (1897) Differdingen 2007}) 10. b3 Qe7 11. Nd2 Bg4 12. Qe1 Bh5 13. Qh4 Bg6 14. Rae1 O-O 15. e5 Qxe5 16. Bxg6 fxg6 17. h3 d5 18. Qd4 Rfe8 19. Qxe5 Rxe5 20. Nf3 Re7 21. Nd4 Rb6 22. b4 Ne4 23. a4 Re8 24. a5 Rxb4 25. Nxc6 (25. Rb1 $17 Rxb1 26. Rxb1) 25... Rc4 26. Nxa7 $2 (26. Nd4 {was the only defense.}) 26... Ra8 $2 (26... Nc3 $19 27. Kh2 Ra8) 27. Nb5 Rxa5 28. Ra1 Rxa1 29. Rxa1 Rxc2 30. Ra8+ Kf7 31. Ra7 Rc1+ 32. Kh2 Kf6 33. Nxc7 Ke5 34. Ne8 Rc3 35. Re7+ $1 Kf5 36. Rxg7 ({Better is} 36. Nc7 $15) 36... Rxe3 37. Nc7 (37. Rxh7 $142 d4 38. Rd7) 37... Nc3 (37... Nf6 $17 38. Nb5 Ke4) 38. Rxh7 d4 39. Rf7+ Kg5 40. h4+ Kh5 41. Rd7 d3 42. Nd5 $1 Nxd5 43. Rxd5+ Kxh4 44. Rd4+ $1 Kg5 45. Kg1 Kf5 46. Kf2 $1 Re2+ 47. Kf3 Rd2 48. g4+ Kg5 49. Ke3 Rd1 50. Kf2 Kh4 51. Kf3 $19 (51. Rd6 $1 $11) 51... Rh1 52. Kg2 $1 Rd1 53. Kf3 {[%emt 0:01:30] [#]} d2 $1 54. Ke2 $2 (54. Kg2) 54... Rg1 55. Kxd2 Rxg4 56. Rd8 Re4 57. Kd3 Re5 58. Rd4+ Kg3 59. Rd6 g5 60. Rf6 g4 61. Kd2 Kg2 62. Rg6 g3 63. Rf6 Kg1 64. Rg6 g2 65. Rg7 Rh5 66. Ke2 Kh2 67. Kf2 Rf5+ 68. Ke2 Rf4 69. Rh7+ Kg3 $2 70. Rg7+ Kh2 71. Rh7+ Kg1 {[%emt 0:00:12] mates} 72. Ke3 (72. Rh8 Re4+ 73. Kd3 {[#]} Kf2 $1 74. Kxe4 g1=Q 75. Rf8+ Ke2 76. Rf6 Qe3+ 77. Kd5 Qg5+ 78. Ke6 Ke3 79. Kf7 Qh5+ 80. Ke7 Qh4 81. Kf7 Qc4+ 82. Kg6 Qg4+ 83. Kf7 Qc4+ 84. Ke8 Qc8+ 85. Ke7 Qc7+ 86. Kf8 Ke4 87. Ke8 Ke5 88. Rg6 Kf5 89. Rh6 Qe5+ 90. Kf7 Qc7+ 91. Ke8 Qe5+ 92. Kf7 Qd4 93. Rh5+ Kg4 94. Rh6 Qd7+ 95. Kf6 Qd6+ 96. Kg7 Qd7+ 97. Kf6 Qd6+ 98. Kg7 Qe7+ 99. Kg8 Qe8+ 100. Kg7 Kg5 101. Rh1 Qe5+ 102. Kf8 Qc5+ 103. Kg7 Qa7+ 104. Kf8 Qa8+ 105. Ke7 Qxh1 106. Kd6 Kf6 107. Kc5 Qe4 108. Kb5 Ke7 109. Kc5 Kd7 110. Kb5 Kd6 111. Ka6 Qb4 112. Ka7 Kc6 113. Ka8 Qb7#) 72... Rf6 73. Ke2 Re6+ 74. Kf3 Kf1 75. Ra7 g1=Q 76. Ra8 0-1

[Event "Torneo Interdepartamental 2020"]
[Site "Punta del Este"]
[Date "2020.10.31"]
[Round "2.8"]
[White "Chamlian, Aram"]
[Black "Casas, Nicolas"]
[Result "1-0"]
[ECO "B01"]
[WhiteElo "1710"]
[BlackElo "1812"]
[Annotator "NA RC"]
[PlyCount "48"]
[EventDate "2020.10.31"]
[EventType "team-tourn"]
[EventCountry "URU"]
[SourceTitle "playchess.com"]
[Source "ChessBase"]
[SourceQuality "1"]
[TimeControl "3600+30"]

1. e4 d5 2. exd5 Nf6 3. d4 Nxd5 4. Nf3 Bg4 5. Be2 g6 6. O-O {[%emt 0:01:04] B01: Scandinavian Defence.} Bg7 $1 7. Ne5 Bxe2 8. Qxe2 O-O {[%emt 0:00:32] [#]} 9. c4 $146 ({Predecessor:} 9. Rd1 c6 10. c4 Nb6 11. Nc3 N8d7 12. Bf4 Nxe5 13. dxe5 Qc8 14. c5 Qf5 15. Qe4 Qxe4 16. Nxe4 Nd5 {½-½ (16) Meade,P (1950)-Jina,T (1724) England 2014}) 9... Nf6 10. Be3 Nbd7 (10... Nfd7 $11) 11. Nc3 c6 12. Rad1 Qc7 13. Bg5 e6 14. Rfe1 c5 ({Black should play} 14... a6 $14) 15. Nb5 Qb6 16. dxc5 Qxc5 17. Nxd7 Nxd7 {[%emt 0:02:28] [#]} 18. Be3 $1 ({Don't take} 18. Rxd7 $6 Qxg5 19. Rxb7 Qc5 $14) 18... Qe7 19. Bxa7 Nb8 20. Qe3 Na6 21. Re2 (21. b3 $18) 21... Rfd8 22. Red2 (22. Rdd2 $16) 22... Rxd2 (22... Bxb2 $1 $11 23. h3 Rxd2 24. Qxd2 Bf6) 23. Qxd2 (23. Rxd2 $16 Nb8 24. g3) 23... Qb4 {[%emt 0:02:46] [#]} (23... Nc7 $14 24. Nd6 Ne8 25. Nxe8 Qxe8) 24. b3 $1 Bf8 $18 1-0

[Event "Torneo Interdepartamental 2020"]
[Site "Punta del Este"]
[Date "2020.10.31"]
[Round "2.11"]
[White "Gatti, Santiago"]
[Black "Pinero, Ismael"]
[Result "0-1"]
[ECO "A48"]
[WhiteElo "1691"]
[BlackElo "1882"]
[Annotator "NA RC"]
[PlyCount "82"]
[EventDate "2020.10.31"]
[EventType "team-tourn"]
[EventCountry "URU"]
[SourceTitle "playchess.com"]
[Source "ChessBase"]
[SourceQuality "1"]
[TimeControl "3600+30"]

1. d4 Nf6 2. Nf3 g6 3. Bf4 Bg7 4. Nc3 d6 5. e4 O-O 6. Be2 Nfd7 {[%emt 0:00:47] B08: Pirc Defence: Classical System.} (6... Nbd7 $11) 7. O-O Nc6 {[%emt 0:01:57] [#]} 8. h3 $146 ({Predecessor:} 8. Bb5 a6 9. Bxc6 bxc6 10. Re1 c5 11. dxc5 Nxc5 12. Qd2 Rb8 13. Rab1 Bb7 14. Qe3 Ne6 {0-1 (45) Golecka,J (1067)-Mielczarek,J (1562) Szczyrk 2014}) 8... Nxd4 9. Nxd4 e5 10. Be3 exd4 11. Bxd4 Nf6 12. Bf3 Re8 13. Re1 c6 14. Qd2 Be6 15. Rad1 Qe7 16. e5 ({Better is} 16. Nd5 $16 Nxd5 17. exd5 cxd5 18. Bxd5) 16... Nd7 $2 (16... dxe5 $11 17. Bxe5 Rad8) 17. exd6 Qxd6 18. Ne4 $2 (18. Bxg7 $18 Qxd2 19. Rxd2 Kxg7 {[#]} 20. Rxe6 $1 {[%mdl 576] Remove Defender} Rxe6 21. Rxd7) 18... Qxd4 19. Qxd4 Bxd4 20. Rxd4 Bd5 21. c4 Bxe4 $1 22. Rdxe4 Kf8 23. Rxe8+ Rxe8 24. Rxe8+ Kxe8 25. b4 Ke7 26. Kf1 ({Better is} 26. Be2 $15) 26... Ne5 (26... Ke6 $17) 27. Be2 Kd6 28. Ke1 c5 29. a3 $2 (29. b5 $11 {and White has nothing to worry.}) 29... b6 $2 (29... cxb4 $19 30. axb4 Nc6) 30. Kd2 Nc6 31. Kc3 ({White should play} 31. b5 $11 Nd4 32. Bd3) 31... Nd4 32. Bd1 Ke5 33. bxc5 bxc5 34. Kd3 $1 f5 35. Ke3 {[%emt 0:01:45] [#]} ({White should play} 35. g3 $15) 35... g5 ({Better is} 35... f4+ $1 $17 36. Kd3 h5) 36. f3 ({Better is} 36. Kd3 $15) 36... f4+ 37. Kf2 (37. Kd3 {might work better.}) 37... h6 38. g3 Ne6 39. gxf4+ Nxf4 40. Kg3 Kd4 41. h4 $19 Kxc4 0-1

[Event "Torneo Interdepartamental 2020"]
[Site "Punta del Este"]
[Date "2020.10.31"]
[Round "2.12"]
[White "Barboza, Mauro"]
[Black "Delbono, Ruben"]
[Result "1-0"]
[ECO "B92"]
[WhiteElo "1874"]
[BlackElo "1573"]
[Annotator "NA RC"]
[PlyCount "55"]
[EventDate "2020.10.31"]
[EventType "team-tourn"]
[EventCountry "URU"]
[SourceTitle "playchess.com"]
[Source "ChessBase"]
[SourceQuality "1"]
[TimeControl "3600+30"]

1. e4 c5 2. Nf3 d6 3. d4 cxd4 4. Nxd4 Nf6 5. Nc3 a6 6. Be2 Nc6 7. Be3 g6 8. O-O Bg7 9. h3 O-O 10. Qd2 Re8 {[%emt 0:00:52] B73: Sicilian Dragon: Classical System without 9 Nb3.} 11. Rad1 Bd7 12. Nb3 Rc8 13. f4 {[%emt 0:01:11] [#]} Na5 $146 ({Black should try} 13... b5 $14) ({Predecessor:} 13... Be6 14. f5 {½-½ (14) Albrecht,J (2140)-Bodach,H (2183) Dresden 2017}) 14. e5 Rxc3 $4 (14... Nh5 $16) 15. Qxc3 ({Less strong is} 15. bxc3 Ne4 $16) 15... Ne4 16. Qxa5 Ng3 17. Qxd8 Rxd8 $11 18. Rf2 (18. Rfe1 Nxe2+ 19. Rxe2 Bb5) 18... Ne4 19. Rff1 $2 (19. Rf3 $18) 19... Bc6 $2 20. Bf3 Ng3 21. Rf2 Nf5 22. Bb6 Rc8 23. Bg4 Be4 24. Bxf5 Bxf5 25. exd6 exd6 26. Rxd6 Bxb2 27. Rd8+ Rxd8 $18 28. Bxd8 1-0

[Event "Torneo Interdepartamental 2020"]
[Site "Punta del Este"]
[Date "2020.11.01"]
[Round "3.3"]
[White "Manteiga, Franco"]
[Black "Taran, Ignacio"]
[Result "1-0"]
[ECO "D35"]
[WhiteElo "1832"]
[BlackElo "1676"]
[Annotator "NA RC"]
[PlyCount "82"]
[EventDate "2020.10.31"]
[EventType "team-tourn"]
[EventCountry "URU"]
[SourceTitle "playchess.com"]
[Source "ChessBase"]
[SourceQuality "1"]
[TimeControl "3600+30"]

1. d4 Nf6 2. c4 e6 3. Nc3 d5 4. cxd5 exd5 5. Bg5 Be7 6. e3 Bf5 7. Bxf6 Bxf6 8. Qb3 Nd7 {[%emt 0:03:38] D35: Queen's Gambit Declined: Exchange Variation.} 9. Nxd5 {[%emt 0:02:47] [#]} c6 $146 ({Predecessor:} 9... O-O 10. Nxf6+ Nxf6 11. Nf3 c5 12. Be2 cxd4 13. Nxd4 Qa5+ 14. Qc3 Qxc3+ 15. bxc3 Bg6 16. O-O {1-0 (77) Homa,S (2274)-Brooks,M (2430) Saint Louis 2012}) 10. Nxf6+ Qxf6 11. Nf3 O-O 12. Be2 Be4 (12... Qe7 $16 13. O-O (13. Qxb7 Rab8 $16) 13... Nb6) 13. O-O ({White should try} 13. Qxb7 $18 Qd6 14. Qb3) 13... Nb6 14. Rac1 Rfd8 15. Rc5 Bd5 16. Qc2 Re8 17. Bd3 Nd7 18. Rc3 Bxf3 19. gxf3 h6 20. f4 Qh4 21. Qe2 Nf6 {[%emt 0:00:39] [#]} 22. Qf3 $1 Rad8 23. Qg3 Qxg3+ 24. hxg3 Re7 25. Kg2 $18 Rd6 26. Kf3 Nd7 27. b4 g6 28. Rfc1 Nb6 29. R3c2 Kg7 30. Rb1 a6 31. Bc4 Na8 32. a4 Nc7 33. Rbc1 Nd5 34. Bxd5 Rxd5 35. Rc5 Red7 36. Ke2 f5 37. Rxd5 Rxd5 38. Rc5 Kf6 39. Rxd5 cxd5 40. f3 Ke6 41. Kd3 h5 1-0

[Event "Torneo Interdepartamental 2020"]
[Site "Punta del Este"]
[Date "2020.11.01"]
[Round "3.4"]
[White "Genta, Alejandro"]
[Black "Caitano, Martin Joel"]
[Result "1/2-1/2"]
[ECO "A41"]
[WhiteElo "2003"]
[BlackElo "2086"]
[Annotator "ChessBase"]
[PlyCount "57"]
[EventDate "2020.10.31"]
[EventType "team-tourn"]
[EventCountry "URU"]
[SourceTitle "playchess.com"]
[Source "ChessBase"]
[SourceQuality "1"]
[TimeControl "3600+30"]

1. d4 d6 2. c4 Nd7 3. e4 e5 4. Nf3 g6 5. Nc3 Bg7 6. Be2 Ne7 7. O-O O-O 8. Re1 h6 9. dxe5 Nxe5 10. Nxe5 dxe5 11. Qxd8 Rxd8 12. Nd5 Nxd5 13. cxd5 Bd7 14. Be3 c6 15. Bc4 Bf8 16. dxc6 Bxc6 17. f3 Kg7 18. Red1 Be7 19. Rxd8 Bxd8 20. b4 a6 21. a4 Be7 22. Bd2 Rc8 23. Be2 Bxa4 24. Bxa6 bxa6 25. Rxa4 Rc2 26. Be3 Rc4 27. Rxa6 Rxb4 28. Ra3 Ra4 29. Rxa4 1/2-1/2

[Event "Torneo Interdepartamental 2020"]
[Site "Punta del Este"]
[Date "2020.11.01"]
[Round "3.6"]
[White "Barboza, Mauro"]
[Black "Vaz Lacuesta, Leonardo"]
[Result "0-1"]
[ECO "B40"]
[WhiteElo "1874"]
[BlackElo "2085"]
[Annotator "ChessBase"]
[PlyCount "66"]
[EventDate "2020.10.31"]
[EventType "team-tourn"]
[EventCountry "URU"]
[SourceTitle "playchess.com"]
[Source "ChessBase"]
[SourceQuality "1"]
[TimeControl "3600+30"]

1. e4 c5 2. Nf3 e6 3. d4 cxd4 4. Nxd4 Nf6 5. Nc3 Bb4 6. Bd3 a6 7. O-O Qc7 8. Nde2 Nc6 9. Bf4 Bd6 10. Bxd6 Qxd6 11. h3 b5 12. a3 O-O 13. f4 Qc5+ 14. Kh1 d6 15. Ng3 Ne7 16. e5 dxe5 17. Nce4 Nxe4 18. Bxe4 Rb8 19. fxe5 Qxe5 20. Qf3 f5 21. c3 Qf6 22. Qd3 Bb7 23. Bxb7 Rxb7 24. Qd6 e5 25. Qd2 Qg6 26. Kh2 f4 27. Ne2 Rb6 28. Rad1 Re6 29. Qd7 Nf5 30. Rf3 Ne3 31. Rg1 Rd6 32. Qe7 Rd2 33. Rf2 Ng4+ 0-1

[Event "Torneo Interdepartamental 2020"]
[Site "Punta del Este"]
[Date "2020.11.01"]
[Round "3.8"]
[White "Pena Canapa, Alfredo"]
[Black "Chamlian, Aram"]
[Result "1-0"]
[ECO "B31"]
[WhiteElo "1810"]
[BlackElo "1710"]
[Annotator "NA RC"]
[PlyCount "89"]
[EventDate "2020.10.31"]
[EventType "team-tourn"]
[EventCountry "URU"]
[SourceTitle "playchess.com"]
[Source "ChessBase"]
[SourceQuality "1"]
[TimeControl "3600+30"]

1. e4 c5 2. Nf3 Nc6 3. Bb5 g6 4. Bxc6 bxc6 5. O-O Bg7 6. Re1 e5 7. c3 Ne7 8. d4 cxd4 9. cxd4 exd4 10. Nxd4 O-O 11. Nc3 Qb6 12. Nb3 {[%emt 0:00:39] [#]} h6 $146 {[%emt 0:05:39] B31: Sicilian: 2...Nc6 3 Bb5 g6.} ({Black should try} 12... Be5) ({Predecessor:} 12... Qc7 13. Bg5 d6 14. Rc1 Rb8 15. Qd2 Ba6 16. Red1 Nc8 17. Nd5 Qb7 18. Nf6+ Kh8 19. e5 Ne7 20. exd6 Nd5 21. Nc5 Qxb2 22. Qxb2 Rxb2 23. Nxd5 Be2 {1-0 (23) Luukkonen,T (2284)-Rantanen,Y (2309) Finland 2019}) 13. Be3 Qc7 14. Qd2 Kh7 15. Rad1 d5 16. Bc5 dxe4 17. Nxe4 Be6 18. Bd6 Qd8 19. Nec5 Re8 20. Nxe6 fxe6 21. Rxe6 Nf5 22. Rxe8 Qxe8 23. Bb4 Qe6 24. Bc3 Bxc3 25. Qxc3 Re8 26. h3 Re7 27. Rc1 Qe2 28. Qc2 ({Much less strong is} 28. Qxc6 $6 Qxb2 29. Qd5 h5 $16) ({Better is} 28. Nd4 $18 Nxd4 29. Qxd4) 28... Qe5 29. Qd2 Qe6 30. Kf1 Rd7 31. Qe2 Qd6 {[%emt 0:00:48] [#]} 32. Qc2 $2 (32. Kg1 $1 $16 {is necessary to keep the advantage.}) 32... Qh2 33. Qxc6 Re7 34. g4 Nh4 35. Rc3 Qe5 36. Re3 Qg5 $18 37. Rxe7+ Qxe7 38. Nc5 Qf8 39. Qd7+ Kh8 40. Ne6 Qg8 41. Qd4+ Kh7 42. Qxa7+ Kh8 43. Qd4+ Kh7 44. Qf6 g5 45. Nf8+ 1-0

[Event "Torneo Interdepartamental 2020"]
[Site "Punta del Este"]
[Date "2020.11.01"]
[Round "3.9"]
[White "Zecharies, Alexis"]
[Black "Campora, Edgardo"]
[Result "1-0"]
[ECO "B09"]
[WhiteElo "1823"]
[BlackElo "1663"]
[Annotator "NA RC"]
[PlyCount "85"]
[EventDate "2020.10.31"]
[EventType "team-tourn"]
[EventCountry "URU"]
[TimeControl "3600+30"]

1. d4 Nf6 2. Nc3 g6 3. e4 d6 4. f4 Bg7 5. Nf3 O-O 6. Bc4 a6 7. a4 e6 8. Ba2 b6 9. O-O Bb7 10. e5 Nfd7 11. Ng5 d5 12. b4 c5 13. bxc5 bxc5 14. Rb1 cxd4 15. Ne2 Bc6 16. Nxd4 Re8 17. c4 dxc4 18. Bxc4 Qc7 19. Ndxe6 fxe6 20. Nxe6 Qa7+ 21. Kh1 Kh8 22. Qe2 Nf8 23. Ng5 Qe7 24. Nf7+ Kg8 25. Nd6+ Kh8 26. Ba3 Qa7 27. Nxe8 Bxe8 28. Bd5 Nc6 29. Qe4 Rc8 30. Rfc1 Ne7 31. Bxe7 Rxc1+ 32. Rxc1 Qxe7 33. Qc4 Qa3 34. h3 Bxa4 35. Re1 Bb5 36. Qc7 Be8 37. Qd8 Qg3 38. Rf1 Bb5 39. Rf3 Qe1+ 40. Kh2 h5 41. e6 Kh7 42. e7 Ne6 43. e8=Q 1-0

[Event "Torneo Interdepartamental 2020"]
[Site "Punta del Este"]
[Date "2020.11.01"]
[Round "3.11"]
[White "Casas, Nicolas"]
[Black "Chinelli, Gabriel"]
[Result "1-0"]
[ECO "D02"]
[WhiteElo "1812"]
[BlackElo "1697"]
[Annotator "NA"]
[PlyCount "63"]
[EventDate "2020.10.31"]
[EventType "team-tourn"]
[EventCountry "URU"]
[SourceTitle "playchess.com"]
[Source "ChessBase"]
[SourceQuality "1"]
[TimeControl "3600+30"]

1. d4 d5 2. Nf3 Bf5 3. Bf4 Nf6 4. e3 e6 5. Bd3 Bb4+ 6. c3 {[%emt 0:00:13] D02: 1 d4 d5 2 Nf3 sidelines, including 2...Nf6 3 g3 and 2...Nf6 3 Bf4.} Bxd3 7. Qxd3 Bd6 8. Qb5+ Nbd7 9. Qxb7 {[%emt 0:02:30] [#]} Bxf4 $146 ({Predecessor:} 9... Rb8 10. Qxa7 Rxb2 11. Nbd2 Nb6 12. Bxd6 Qxd6 13. Qb8+ Qd8 14. Qxd8+ Kxd8 15. O-O Ke7 {1-0 (31) Navratil,J (2163)-Kocur,A (1922) Czechia 2010}) 10. exf4 O-O 11. Qb3 Qe7 12. O-O Qd6 13. Ne5 Rfb8 14. Qc2 Qb6 15. b3 a5 16. Nd2 c5 17. Nxd7 Nxd7 18. Nf3 a4 19. bxa4 Qa7 20. Rfb1 Rc8 21. f5 cxd4 22. fxe6 fxe6 23. Qe2 Qa6 24. Qxa6 Rxa6 25. cxd4 Rxa4 26. g3 Rca8 27. Rb7 Nf8 $11 28. Rb2 Kf7 29. Rb7+ (29. h4 $16) 29... Kf6 $2 {[%emt 0:00:41] [#]} 30. Ne5 $1 Rxd4 $2 (30... R8a7 31. Rxa7 Rxa7) 31. f4 Kf5 32. Rf7+ 1-0

[Event "Torneo Interdepartamental 2020"]
[Site "Punta del Este"]
[Date "2020.11.01"]
[Round "3.12"]
[White "Gatti, Santiago"]
[Black "Romero Calderon, Juan"]
[Result "1/2-1/2"]
[ECO "D02"]
[WhiteElo "1691"]
[BlackElo "2099"]
[Annotator "ChessBase"]
[PlyCount "68"]
[EventDate "2020.10.31"]
[EventType "team-tourn"]
[EventCountry "URU"]
[SourceTitle "playchess.com"]
[Source "ChessBase"]
[SourceQuality "1"]
[TimeControl "3600+30"]

1. d4 d5 2. Nf3 Nf6 3. Bf4 c5 4. e3 Nc6 5. c3 Qb6 6. Qb3 c4 7. Qxb6 axb6 8. Nbd2 Bf5 9. Be2 e6 10. O-O b5 11. a3 Nd7 12. Rfc1 Be7 13. Bd1 Nb6 14. Bc2 b4 15. Bc7 Bxc2 16. Rxc2 b3 17. Rcc1 Na4 18. Rcb1 Kd7 19. Bf4 f6 20. e4 Bd6 21. Bxd6 Kxd6 22. Ne1 e5 23. dxe5+ fxe5 24. exd5 Kxd5 25. Ndf3 Kc5 26. Ng5 Rae8 27. Ne4+ Kd5 28. f3 Ke6 29. Rd1 Rd8 30. Rxd8 Rxd8 31. Rb1 h6 32. Kf2 Rd5 33. g4 g5 34. Ng2 Nc5 1/2-1/2

[Event "Torneo Interdepartamental 2020"]
[Site "Punta del Este"]
[Date "2020.11.01"]
[Round "4.8"]
[White "Durante, Aurelio"]
[Black "Dominguez Orono, Walter"]
[Result "1-0"]
[ECO "B50"]
[WhiteElo "1937"]
[BlackElo "1668"]
[Annotator "RC"]
[PlyCount "81"]
[EventDate "2020.10.31"]
[EventType "team-tourn"]
[EventCountry "URU"]
[TimeControl "3600+30"]

1. e4 c5 2. Nf3 d6 3. c3 Nf6 4. Be2 g6 5. O-O Bg7 6. Re1 O-O 7. Bf1 Bg4 8. h3 Bxf3 9. Qxf3 Nc6 10. d3 Rc8 11. Na3 a6 12. Nc2 Nd7 13. Rb1 b5 14. Qd1 Qb6 15. Ne3 e6 16. Kh1 Rfd8 17. f4 Nf6 18. g4 d5 19. e5 Ne8 20. g5 d4 21. Ng4 dxc3 22. bxc3 Qb7 23. Qf3 Qd7 24. Be3 Qd5 25. Qxd5 Rxd5 26. c4 bxc4 27. dxc4 Rd7 28. Rb6 Nb4 29. a3 Nc2 30. Rc1 Nxe3 31. Nxe3 Nc7 32. Rc6 Bf8 33. Kg2 Rd2+ 34. Kf3 Ra2 35. Rc3 Be7 36. Rd3 Rd8 37. Rxc7 Rxd3 38. Bxd3 Rxa3 39. Ke4 Bf8 40. Ng4 f5+ 41. gxf6 1-0